 Dungeon Crawl Stone Soup version 0.29-a0-25-g7f48f510a0 (webtiles) character file.

Game seed: 17505300832053721004

384 Bosse the Stinger (level 6, 0/43 HPs)
             Began as a Demonspawn Venom Mage on Jan 31, 2022.
             Frozen to death by an endoplasm (4 damage)
             ... on level 4 of the Dungeon.
             The game lasted 00:24:51 (6101 turns).

Bosse the Stinger (Demonspawn Venom Mage)           Turns: 6101, Time: 00:24:51

Health: 0/43       AC:  6    Str:  8    XL:     6   Next: 47%
Magic:  1/11       EV: 12    Int: 18    God:
Gold:   125        SH:  0    Dex: 14    Spells: 4/11 levels left

rFire   + . .      SeeInvis .   c - staff of fire
rCold   . . .      Faith    .   (no shield)
rNeg    . . .      Spirit   .   a - +1 robe
rPois   .          Reflect  .   (no helmet)
rElec   .          Harm     .   b - +2 cloak
rCorr   .          Rampage  .   (no gloves)
Will    .....                   (no boots)
Stlth   ++........              (no amulet)
HPRegen 0.14/turn               (no ring)
MPRegen 0.12/turn               (no ring)

@: no status effects
A: powered by death 1, demonic touch 2
a: no special abilities


You were on level 4 of the Dungeon.
You visited 1 branch of the dungeon, and saw 4 of its levels.

You collected 125 gold pieces.

Inventory:

Armour
 a - a +1 robe (worn)
 b - a +2 cloak (worn)
Magical Staves
 c - a staff of fire (weapon)
Scrolls
 d - a scroll of blinking
 e - a scroll of magic mapping


   Skills:
 + Level 1.0 Fighting
 + Level 2.1 Dodging
 * Level 3.3 Stealth
 + Level 0.5 Unarmed Combat
 + Level 3.3 Spellcasting
 + Level 2.1 Transmutations
 * Level 5.0 Poison Magic


You had 4 spell levels left.
You knew the following spells:

 Your Spells              Type           Power      Damage    Failure   Level
a - Sting                 Tmut/Pois      64%        1d6       3%          1
b - Poisonous Vapours     Pois/Air       24%        N/A       9%          2
c - Olgreb's Toxic Radia  Pois           21%        N/A       21%         4

Your spell library contained the following spells:

 Spells                   Type           Power      Damage    Failure   Level
 Animate Skeleton         Necr           6%         N/A       16%         1
 Apportation              Tloc           6%         N/A       16%         1
 Summon Small Mammal      Summ           12%        N/A       16%         1
 Mephitic Cloud           Conj/Pois/Air  9%         N/A       24%         3


Dungeon Overview and Level Annotations

Branches:
Dungeon (4/15)
 Temple: D:4-7

Altars:
Cheibriados
Dithmenos
Fedhas
Makhleb
Ru


Innate Abilities, Weirdness & Mutations

You regenerate a little health from kills.
Your touch may inflict irresistible damage on your foes.


Message History

The orc hits you with a +0 dagger of electrocution.
The orc barely misses you. The endoplasm freezes you.
You are frozen.
The howler monkey skeleton hits you.
You are too injured to fight recklessly!
You are too injured to fight recklessly!
You are too injured to fight recklessly!
You are too injured to fight recklessly!
You are too injured to fight recklessly!
You are too injured to fight recklessly!
You hit the howler monkey skeleton.
You touch the howler monkey skeleton.
The howler monkey skeleton is almost destroyed.
The orc barely misses you. The orc hits you with a +0 hand axe.
* * * LOW HITPOINT WARNING * * *
The endoplasm hits you but does no damage.
The howler monkey skeleton hits you.
* * * LOW HITPOINT WARNING * * *
The orc barely misses you.
You hit the howler monkey skeleton.
You destroy the howler monkey skeleton!
The orc hits you but does no damage.
The endoplasm hits you but does no damage.
The orc misses you. x2
You hit the orc but do no damage.
The endoplasm hits you but does no damage.
The orc hits you with a +0 dagger of electrocution.
* * * LOW HITPOINT WARNING * * *
The orc completely misses you. The endoplasm hits you.
* * * LOW HITPOINT WARNING * * *
You hit the orc but do no damage.
You touch the orc!
You kill the orc!
The orc hits you but does no damage. The endoplasm freezes you.
You are frozen.
* * * LOW HITPOINT WARNING * * *
Found a club.
The orc hits you with a +0 hand axe.
* * * LOW HITPOINT WARNING * * *
The endoplasm freezes you.
You are frozen.
You die...

....######... ..########
............ )........#
##[..## #... .........#
##§§§.§# #...
.........###§.§§§§§##...
#$......##§§§§§§§§§#...
#...........§..§§......
#.....)......§§.§.....#
#.....@..!.....§§.....#
#.....Jo.#.§§§§.§§§#...
..........##§§..§§§#####
..........###..§§§#
..#.......# ##.§.## #.##
. #........ #..... #...
#......... .......#...
......................
....... ........


You could see an orc and an endoplasm.

Vanquished Creatures
  An ogre (D:4)
  2 jellies
  2 iguanas
  Terence (D:2)
  Robin (D:1)
  A howler monkey skeleton (D:4)
  5 adders
  2 adder skeletons (D:4)
  4 dart slugs
  6 orcs
  9 ball pythons
  5 endoplasms
  3 giant cockroaches
  9 hobgoblins
  2 jackals (D:1)
  6 quokkas
  8 bats
  2 frilled lizards
  10 goblins
  7 kobolds
  5 rats
91 creatures vanquished.

Vanquished Creatures (others)
  6 plants (D:1)
6 creatures vanquished.

Grand Total: 97 creatures vanquished

Notes
Turn   | Place    | Note
-------+----------+-------------------------------------------
     0 | D:1      | Bosse the Demonspawn Venom Mage began the quest for the
                  | Orb.
     0 | D:1      | Reached XP level 1. HP: 13/13 MP: 3/3
   385 | D:1      | Gained mutation: Your touch may inflict minor irresistible
                  | damage on your foes. [demonic ancestry]
   385 | D:1      | Reached XP level 2. HP: 16/19 MP: 0/5
  1056 | D:1      | Reached skill level 1 in Transmutations
  1509 | D:1      | Gained mutation: You regenerate a little health from kills.
                  | [demonic ancestry]
  1509 | D:1      | Reached XP level 3. HP: 23/24 MP: 1/6
  1926 | D:1      | Learned a level 2 spell: Poisonous Vapours
  2085 | D:2      | Noticed Robin
  2595 | D:2      | HP: 1/24 [Robin (2)]
  2609 | D:1      | Killed Robin
  2896 | D:2      | Reached XP level 4. HP: 30/30 MP: 5/7
  3023 | D:2      | Got Sif Muna's Disquisition on Poisoning
  3055 | D:2      | Found a faded altar of an unknown god.
  3187 | D:2      | Noticed Terence
  3197 | D:2      | Killed Terence
  3198 | D:2      | Reached skill level 4 in Poison Magic
  3273 | D:2      | Learned a level 4 spell: Olgreb's Toxic Radiance
  3361 | D:2      | Gained mutation: Your touch may inflict irresistible damage
                  | on your foes. [demonic ancestry]
  3361 | D:2      | Reached XP level 5. HP: 2/36 MP: 4/8
  4012 | D:3      | Found a snail-covered altar of Cheibriados.
  4211 | D:3      | Reached skill level 1 in Fighting
  4997 | D:3      | Found a burning altar of Makhleb.
  5000 | D:3      | Noticed a blizzard demon
  5004 | D:3      | Noticed an orange demon
  5004 | D:3      | Noticed a ynoxinul
  5628 | D:4      | Found a blossoming altar of Fedhas.
  5690 | D:4      | Noticed an ogre
  5699 | D:4      | Killed an ogre
  5700 | D:4      | Reached XP level 6. HP: 43/43 MP: 1/11
  5733 | D:4      | Reached skill level 5 in Poison Magic
  5942 | D:4      | Found a sacrificial altar of Ru.
  6068 | D:4      | Found a shadowy altar of Dithmenos.
  6101 | D:4      | Frozen to death by an endoplasm

Illustrated notes

Levels and vault maps discovered:
D:1:      matt_arrival_los_fun, layout_loops_ring,
          chequers_serial_rivers_micro_d, chequers_big_river,
          hangedman_decor_clover_reticule
D:2:      layout_rooms, hellmonk_ecumenical_altar_zigzags, uniq_terence,
          uniq_robin
D:3:      layout_rooms, makhleb_altar_promises_db, mainiacjoe_overflow_boulevard
D:4:      layout_basic, mainiacjoe_overflow_alcove_4,
          mainiacjoe_overflow_small_starburst, nicolae_dithmenos_the_darkroom,
          nrook_mini_backslash

Skill      XL: |  1  2  3  4  5  6 |
---------------+-------------------+-----
Stealth        | 2 3 |  3.3
Transmutations | 1 2 |  2.1
Dodging        | 2 |  2.1
Poison Magic   | 4 5 |  5.0
Fighting       | 1 |  1.0
Spellcasting   | 3 |  3.3
Unarmed Combat | |  0.5

Action                   |  1- 3 |  4- 6 || total
-------------------------+-------+-------++-------
Melee: Unarmed           |    33 |     7 ||    40
       Touch             |     8 |    12 ||    20
       Staff             |       |    22 ||    22
 Cast: Sting             |    71 |   117 ||   188
       Poisonous Vapours |     3 |     1 ||     4
       Olgreb's Toxic Ra |       |     3 ||     3
  Use: Scroll            |     2 |     5 ||     7
       Potion            |       |     2 ||     2
Armor: Robe              |    22 |    39 ||    61
Dodge: Dodged            |    38 |    71 ||   109

Table legend: (Time is in decaauts)
 A = Elapsed time spent in this place.
 B = Non-inter-level travel time spent in this place.
 C = Inter-level travel time spent in this place.
 D = Time resting spent in this place.
 E = Time spent auto-exploring this place.
 F = Levels seen in this place.
 G = Mean time per level.
                   A        B        C        D        E       F      G
               +--------+--------+--------+--------+--------+-----+--------+
         Total |   6100 |   5886 |    214 |   1770 |   3163 |   4 | 1525.0 |
       Dungeon |   6100 |   5886 |    214 |   1770 |   3163 |   4 | 1525.0 |
               +--------+--------+--------+--------+--------+-----+--------+

Top non-repeatable levels by time:
     D:1: 2684 daAuts
     D:3: 1389 daAuts
     D:2: 1333 daAuts
     D:4: 692 daAuts
